 Dungeon Crawl Stone Soup version 0.31-a0-210-gccc998df9b (webtiles) character file.

Game seed: 7348297268398712978

504 qw the Shooter (level 6, -1/52 HPs)
             Began as a Minotaur Hexslinger on June 30, 2023.
             Killed from afar by an orc wizard (7 damage)
             ... with a magic dart
             ... on level 4 of the Dungeon.
             The game lasted 00:01:19 (3264 turns).

qw the Shooter (Minotaur Hexslinger)                Turns: 3264, Time: 00:01:20

Health: -1/52      AC:  7    Str: 13    XL:     6   Next: 96%
Magic:  6/6        EV: 11    Int: 10    God:
Gold:   173        SH:  0    Dex: 14    Spells: 6/7 levels left

rFire   . . .        d - +1 sling (heavy)
rCold   . . .        (no shield)
rNeg    . . .        e - +0 ring mail
rPois   .            (helmet restricted)
rElec   .            b - +0 cloak
rCorr   .            j - +0 pair of gloves
SInv    .            (no boots)
Will    .....        (no amulet)
Stlth   +            (no ring)
HPRegen 0.28/turn    (no ring)
MPRegen 0.10/turn

%: no passive effects
@: no status effects
A: horns 2, retaliatory headbutt
a: no special abilities


You were on level 4 of the Dungeon.
You visited 1 branch of the dungeon, and saw 4 of its levels.

You collected 281 gold pieces.
You spent 108 gold pieces at shops.


Innate Abilities, Weirdness & Mutations

You have a pair of horns on your head.
You reflexively headbutt those who attack you in melee.


   Skills:
 - Level 4.2 Fighting
 - Level 7.1 Ranged Weapons
 + Level 1.7 Armour
 - Level 2.1 Dodging
 - Level 1.0 Spellcasting
 - Level 2.0 Hexes


You had 6 spell levels left.
You knew the following spells:

 Your Spells              Type           Power      Damage    Failure   Level
a - Slow                  Hex            16%        N/A       32%         1

Your spell library contained the following spells:

 Spells                   Type           Power      Damage    Failure   Level
 Inner Flame              Hex/Fire       2%         N/A       82%         3
 Portal Projectile        Hex/Tloc       4%         N/A       82%         3
 Cause Fear               Hex            2%         N/A       97%         4

Inventory:

Hand Weapons
 d - a +1 heavy sling (weapon)
Armour
 b - a +0 cloak (worn)
 e - a +0 ring mail (worn)
 j - a +0 pair of gloves (worn)
Jewellery
 n - an amulet of the acrobat
Scrolls
 h - a scroll of identify
 l - a scroll of teleportation {unknown}
 m - a scroll of immolation {unknown}
 o - a scroll of amnesia {unknown}
Potions
 a - a potion of curing {unknown}
 c - a potion of might
 f - a potion of berserk rage {unknown}
 g - a potion of cancellation {unknown}
 i - a potion of heal wounds {unknown}
 k - 2 potions of enlightenment {unknown}

Dungeon Overview and Level Annotations

Branches:
Dungeon (4/15)
 Temple: D:4-7

Altars:
Ashenzari
Cheibriados
Makhleb
Ru
Sif Muna
Trog

Shops:
D:3 [

Annotations:
D:2 1 runed translucent door, Crazy Yiuf


Message History

Something hits you but does no damage. Something hits you.
You shoot a sling bullet. Something hits you but does no damage.
You shoot a sling bullet. Something hits you. x2
You shoot a sling bullet.
You hear some strange, mumbled words.
A magic dart appears from out of thin air!
The magic dart hits you. Something hits you but does no damage.
You shoot a sling bullet.
You feel less confused. Something hits you.
You shoot a sling bullet.
You hear some strange, mumbled words.
A puff of flame appears from out of thin air!
The puff of flame hits you!
You hear some strange, mumbled words.
A puff of flame appears from out of thin air!
The puff of flame misses you.
You shoot a sling bullet.
You hear some strange, mumbled words.
A magic dart appears from out of thin air!
The magic dart hits you. Something hits you.
You shoot a sling bullet. Something hits you.
Something hits you but does no damage.
You shoot a sling bullet. Something hits you. x2
You shoot a sling bullet. Something hits you.
You shoot a sling bullet.
You hear some strange, mumbled words.
Something tries to affect you, but you resist.
Something hits you but does no damage.
You shoot a sling bullet. Something hits you but does no damage.
Something hits you.
You shoot a sling bullet.
You hear some strange, mumbled words.
A magic dart appears from out of thin air!
The magic dart hits you!
You die...

####### #.....######
#.....+....
#.....#...
#########.....##)####
...##...#####..{@...#
...#........#.......#
...#........'.......#
...#........#.......#
#####...##..#.......#
...##...##..#.......#
...#....##..######+##
...#................#
...#................#


There were no monsters in sight!

Vanquished Creatures
  An ogre (D:3)
  A phantom (D:4)
  A necrophage (D:4)
  A scorpion (D:4)
  A hound (D:4)
  An iron imp (D:3)
  A hound skeleton (D:4)
  5 adders
  4 worms
  4 dart slugs
  3 orcs (D:4)
  4 ball pythons
  5 bats
  7 endoplasms
  4 giant cockroaches
  9 goblins
  11 hobgoblins
  3 jackals (D:2)
  7 kobolds
  8 quokkas
  5 frilled lizards
  9 rats
95 creatures vanquished.

Notes
Turn   | Place    | Note
-------+----------+-------------------------------------------
     0 | D:1      | qw the Minotaur Hexslinger began the quest for the Orb.
     0 | D:1      | Reached XP level 1. HP: 16/16 MP: 1/1
     0 | D:1      | 0 ||| qw: Version: 0.3-a-26-gee661ec
     0 | D:1      | 0 ||| qw: Game counter: 7253
     0 | D:1      | 0 ||| qw: Melee chars always use a shield: true
     0 | D:1      | 0 ||| qw: God list: Okawaru
     0 | D:1      | 0 ||| qw: Allow faded altars: false
     0 | D:1      | 0 ||| qw: Do Orc after clearing Dungeon:15 true
     0 | D:1      | 0 ||| qw: Do second Lair branch before Depths: true
     0 | D:1      | 0 ||| qw: Lair rune preference: random
     0 | D:1      | 0 ||| qw: Goals: Normal
     0 | D:1      | 0 ||| PLANNING D:1-11
   130 | D:1      | Reached skill level 3 in Ranged Weapons
   201 | D:1      | Reached XP level 2. HP: 23/23 MP: 2/2
   580 | D:1      | Reached XP level 3. HP: 29/29 MP: 3/3
   596 | D:1      | 596 ||| UPGRADING to +0 ring mail.
   606 | D:1      | 606 ||| DROPPING +0 robe.
   607 | D:1      | 607 ||| READING scroll labelled HEXTAA CINK.
   608 | D:1      | 608 ||| DROPPING scroll of poison.
   739 | D:2      | Reached skill level 4 in Ranged Weapons
   754 | D:2      | Found a faded altar of an unknown god.
   823 | D:2      | Reached skill level 1 in Armour
  1120 | D:2      | Reached XP level 4. HP: 36/36 MP: 4/4
  1397 | D:2      | Found a runed translucent door.
  1398 | D:2      | Noticed Crazy Yiuf
  1558 | D:2      | 1558 ||| DROPPING ring of wizardry.
  1559 | D:2      | 1559 ||| READING scroll labelled YPNOWN NETT.
  1560 | D:2      | 1560 ||| READING scroll labelled IQYNUR JATINERPH.
  1561 | D:2      | 1561 ||| DRINKING 2 bubbling purple potions.
  1749 | D:3      | Noticed an ogre
  1756 | D:3      | Killed an ogre
  1757 | D:3      | Reached skill level 5 in Ranged Weapons
  1757 | D:3      | Reached XP level 5. HP: 25/41 MP: 5/5
  1865 | D:3      | Found a broken altar of Ashenzari.
  1886 | D:3      | Found a snail-covered altar of Cheibriados.
  1912 | D:3      | 1912 ||| FLEEEEING.
  1913 | D:3      | 1913 ||| FLEEEEING.
  1914 | D:3      | 1914 ||| FLEEEEING.
  1915 | D:3      | 1915 ||| FLEEEEING.
  1916 | D:3      | 1916 ||| FLEEEEING.
  1917 | D:3      | 1917 ||| FLEEEEING.
  1957 | D:3      | Reached skill level 3 in Fighting
  2145 | D:3      | Found a bloodstained altar of Trog.
  2175 | D:3      | Found Ylarotuc's Armour Emporium.
  2178 | D:3      | Reached skill level 6 in Ranged Weapons
  2185 | D:3      | 2185 ||| BUYING +0 cloak (54 gold).
  2185 | D:3      | Bought a +0 cloak for 54 gold pieces
  2185 | D:3      | 2185 ||| BUYING +0 pair of gloves (54 gold).
  2185 | D:3      | Bought a +0 pair of gloves for 54 gold pieces
  2185 | D:3      | 2185 ||| SHOPLISTING +2 pair of gloves of infusion (258
                  | gold, have 26).
  2275 | D:3      | Found a shimmering blue altar of Sif Muna.
  2540 | D:3      | 2540 ||| UPGRADING to +0 cloak.
  2545 | D:3      | 2545 ||| UPGRADING to +0 pair of gloves.
  2550 | D:3      | 2550 ||| DRINKING 2 glowing red potions.
  2588 | D:3      | 2588 ||| DROPPING potion of lignification.
  2625 | D:4      | Noticed a phantom
  2630 | D:4      | Killed a phantom
  2631 | D:4      | Reached XP level 6. HP: 52/52 MP: 6/6
  2867 | D:4      | Found a sacrificial altar of Ru.
  2956 | D:4      | Found a burning altar of Makhleb.
  2997 | D:4      | Reached skill level 7 in Ranged Weapons
  3259 | D:4      | HP: 13/52 [something (3)]
  3261 | D:4      | HP: 6/52 [something (4)]
  3264 | D:4      | Killed from afar by an orc wizard

Levels and vault maps discovered:
D:1:      onia_arrival_mini_maze_b, layout_basic, minmay_misc_feat_roman
D:2:      layout_basic, basic_ecumenical_altar, supply_closet_lemuel,
          uniq_crazy_yiuf_cottage
D:3:      cheibrodos_greedy_goblins, layout_basic, slow_altar_1,
          mainiacjoe_overflow_concentric_impassable, lemuel_doored_altar,
          trog_three_pillars_becter, serial_shops, shop
D:4:      layout_gridville, makhleb_blood_cavern_becter,
          nicolae_ru_the_path_less_chosen

Skill      XL: |  1  2  3  4  5  6 |
---------------+-------------------+-----
Ranged Weapons | 3 4 5 6 7 |  7.1
Fighting       | 2 4 |  4.2
Armour         | 1 |  1.7
Dodging        | |  2.1
Spellcasting   | |  1.0
Hexes          | |  2.0

Action                     |  1- 3 |  4- 6 || total
---------------------------+-------+-------++-------
   Fire: Sling             |   132 |   136 ||   268
    Use: Scroll            |     1 |     2 ||     3
         Potion            |       |     2 ||     2
 Armour: Robe              |     2 |       ||     2
         Ring mail         |    10 |    39 ||    49
  Dodge: Dodged            |    20 |    58 ||    78

Table legend:
 A = Non-vault XP
 B = Vault XP
 C = Vault XP percentage of total XP
 D = Non-vault monster count
 E = Vault monster count
 F = Vault count percentage of total count
                 A         B        C        D         E       F
            +---------+---------+-------+---------+---------+-------
      Total |     561 |     159 |  22.1 |      84 |      11 |  11.6
            +---------+---------+-------+---------+---------+-------
        D:1 |      39 |       2 |   4.9 |      22 |       1 |   4.3
        D:2 |      61 |       0 |   0.0 |      25 |       0 |   0.0
        D:3 |     185 |      53 |  22.3 |      21 |       8 |  27.6
        D:4 |     276 |     104 |  27.4 |      16 |       2 |  11.1
            +---------+---------+-------+---------+---------+-------
